 Dungeon Crawl Stone Soup version 0.23.2-40-g277498a001 (webtiles) character file.

Game seed: 15955836160387926926

167 Destapler the Sneak (level 5, -3/24 HPs)
             Began as a Spriggan Enchanter on Aug 19, 2019.
             Slain by Menkaure (12 damage)
             ... on level 4 of the Dungeon.
             The game lasted 00:18:42 (3900 turns).

Destapler the Sneak (Spriggan Enchanter)            Turns: 3900, Time: 00:18:43

Health: -3/24      AC:  2    Str:  4    XL:     5   Next: 23%
Magic:  7/10       EV: 18    Int: 17    God:
Gold:   172        SH:  0    Dex: 17    Spells: 6/9 levels left

rFire    . . .     SeeInvis +   a - +1 dagger
rCold    + . .     Gourm    .   (shield restricted)
rNeg     . . .     Faith    .   b - +0 robe
rPois    .         Spirit   .   (helmet restricted)
rElec    .         Reflect  .   (no cloak)
rCorr    .         Harm     .   (gloves unavailable)
MR       .....                  (boots unavailable)
Stlth    +++.......             (no amulet)
HPRegen  0.08/turn              f - ring of protection from cold
MPRegen  0.12/turn              (no ring)

@: very quick
A: very small, unfitting armour, see invisible, herbivore, speed 3, slow
metabolism 2
a: no special abilities


You were on level 4 of the Dungeon.
You were not hungry.

You visited 1 branch of the dungeon, and saw 4 of its levels.

You collected 172 gold pieces.

Inventory:

Hand Weapons
 a - a +1 dagger (weapon)
 i - a +0 dagger of venom
Missiles
 g - 56 stones (quivered)
Armour
 b - a +0 robe (worn)
Jewellery
 f - a ring of protection from cold (left hand)
 l - a +6 ring of strength {unknown}
 s - an uncursed ring of ice {unknown}
Scrolls
 c - 8 scrolls of remove curse
 e - a scroll of random uselessness {unknown}
 n - a scroll of blinking {unknown}
 p - 2 scrolls of identify {unknown}
 q - a scroll of teleportation {unknown}
 t - a scroll of magic mapping {unknown}
Potions
 h - 3 potions of curing {unknown}
 j - 2 potions of agility {unknown}
 k - a potion of might {unknown}
 m - a potion of flight {unknown}
 o - a potion of haste {unknown}
 r - a potion of berserk rage {unknown}
 u - 2 potions of resistance {unknown}
Comestibles
 d - 8 rations


   Skills:
 - Level 2.6 Short Blades
 - Level 3.0 Dodging
 - Level 6.1 Stealth
 - Level 2.6 Spellcasting
 + Level 4.5 Hexes
 - Level 2.1 Ice Magic


You had 6 spell levels left.
You knew the following spells:

 Your Spells              Type           Power        Failure   Level  Hunger
a - Corona                Hex            ###....      2%          1    #......
h - Ensorcelled Hibernat  Hex/Ice        ##....       7%          2    ##.....

Your spell library contained the following spells:

 Spells                   Type           Power        Failure   Level  Hunger
 Confuse                  Hex            ###.....     9%          3    ###....
 Tukima's Dance           Hex            ###.....     9%          3    ###....
 Dazzling Spray           Conj/Hex       ##....       22%         3    ###....


Dungeon Overview and Level Annotations

Branches:
Dungeon (4/15)
 Temple: D:4-7

Altars:
Cheibriados

Annotations:
D:4 Menkaure


Innate Abilities, Weirdness & Mutations

You are very small and have problems with some larger weapons.
You are too small for most types of armour.
You have supernaturally acute eyesight. (SInv)
You are a herbivore.
You cover ground extremely quickly.
You need to consume almost no food.


Message History

Menkaure closely misses you.
You hit Menkaure.
Menkaure is lightly damaged.
Menkaure completely misses you.
You hit Menkaure but do no damage.
Menkaure is lightly damaged.
Menkaure casts a spell.
Menkaure seems to speed up.
The bullfrog gives a loud, deep croak!
You hit Menkaure.
Menkaure is lightly damaged.
Menkaure hits you!
You hit Menkaure but do no damage.
Menkaure is lightly damaged.
Menkaure hits you.
You hit Menkaure but do no damage.
Menkaure is lightly damaged.
Menkaure hits you!
Ouch! That really hurt!
You die...

......#
....
#.....#
##.....#
#......+
#......#
#.<....#
+......##
#....F..#
#....@M.#
#.......#
#########


You could see Menkaure and a bullfrog.

Vanquished Creatures
  An orc priest (D:3)
  An orc wizard (D:3)
  4 adders
  An ooze (D:1)
  3 dart slugs
  A leopard gecko (D:2)
  3 orcs (D:3)
  9 bats
  4 giant cockroaches
  9 goblins
  8 hobgoblins
  4 jackals (D:1)
  A quokka (D:2)
  3 frilled lizards
  A kobold (D:1)
  2 rats (D:3)
55 creatures vanquished.

Notes
Turn   | Place    | Note
-------+----------+-------------------------------------------
     0 | D:1      | Destapler the Spriggan Enchanter began the quest for the
                  | Orb.
     0 | D:1      | Reached XP level 1. HP: 9/9 MP: 5/5
   255 | D:1      | Reached skill level 5 in Stealth
   528 | D:1      | Reached XP level 2. HP: 13/13 MP: 6/6
  1235 | D:1      | Learned a level 2 spell: Ensorcelled Hibernation
  1387 | D:1      | Reached XP level 3. HP: 16/16 MP: 5/8
  2092 | D:2      | Reached skill level 6 in Stealth
  2577 | D:3      | Reached XP level 4. HP: 21/21 MP: 9/9
  2847 | D:3      | Found a snail-covered altar of Cheibriados.
  2862 | D:3      | Reached skill level 1 in Ice Magic
  3568 | D:3      | Reached XP level 5. HP: 24/24 MP: 1/10
  3888 | D:4      | Noticed Menkaure
  3900 | D:4      | Slain by Menkaure

Skill      XL: |  1  2  3  4 |
---------------+-------------+-----
Stealth        | 5 6 |  6.1
Short Blades   | 2 |  2.6
Ice Magic      | 2 |  2.1
Hexes          | 4 |  4.5
Dodging        | |  3.0
Spellcasting   | |  2.6

Action                   |  1- 3 |  4- 6 || total
-------------------------+-------+-------++-------
Melee: Dagger            |   181 |    77 ||   258
Throw: Stone             |     9 |     7 ||    16
 Cast: Corona            |    14 |     3 ||    17
       Ensorcelled Hiber |     8 |    10 ||    18
  Use: Scroll            |     1 |       ||     1
 Stab: Sleeping          |    14 |    10 ||    24
  Eat: Ration            |       |     1 ||     1
Armor: Robe              |    21 |     6 ||    27
Dodge: Dodged            |   170 |    54 ||   224
